 Dungeon Crawl Stone Soup version 0.17-a0-1663-gb806841 (webtiles) character file.

226 Kidiri the Cutter (level 6, -4/48 HPs)
             Began as a Human Chaos Knight on Aug 16, 2015.
             Slain by an ogre
             ... wielding a cursed -1 giant spiked club
              (14 damage)
             ... on level 3 of the Dungeon.
             The game lasted 00:08:30 (2306 turns).

Kidiri the Cutter (Human Chaos Knight)              Turns: 2306, Time: 00:08:30

Health: -4/48      AC: 10    Str: 14    XL:     6   Next: 22%
Magic:  7/7        EV: 12    Int: 13    God:    Xom [..*...]
Gold:   115        SH:  0    Dex: 17    Spells: 1 memorised, 4 levels left

rFire  . . .     SeeInvis .     a - +2 short sword (chaos)
rCold  . . .     Clarity  .     g - +0 chain mail
rNeg   . . .     SustAt   .     (no shield)
rPois  .         Gourm    .     (no helmet)
rElec  .         Spirit   .     (no cloak)
rCorr  .         Warding  .     (no gloves)
rMut   .         Stasis   .     e - +0 pair of boots
MR     .....                    (no amulet)
Stlth  ..........               (no ring)
                                (no ring)

@: agile, not resistant to hostile enchantments, extremely unstealthy
A: no striking features
a: Renounce Religion


You were on level 3 of the Dungeon.
You worshipped Xom.
You were a toy of Xom.
You were not hungry.

You visited 1 branch of the dungeon, and saw 3 of its levels.

You collected 115 gold pieces.

Inventory:

Hand weapons
 a - a +2 short sword of chaos (weapon)
Armour
 e - a +0 pair of boots (worn)
 g - a +0 chain mail (worn)
Scrolls
 i - a scroll of remove curse
Books
 h - a book of the Tempests

   Spells                             Type                      Level
   a - Static Discharge               Conjuration/Air              3
   b - Lightning Bolt                 Conjuration/Air              5
   c - Fireball                       Conjuration/Fire             5
   d - Tornado                        Air                          9
   e - Shatter                        Earth                        9
Comestibles
 b - 5 chunks of flesh
 c - a bread ration
 d - a beef jerky
 f - a meat ration


   Skills:
 + Level 3.7 Fighting
 * Level 4.1 Short Blades
 * Level 3.4 Armour
 * Level 2.6 Dodging
 * Level 1.1 Spellcasting
 + Level 0.6 Conjurations
 + Level 0.6 Air Magic


You had 4 spell levels left.
You knew the following spells:

 Your Spells              Type           Power        Failure   Level  Hunger
a - Static Discharge      Conj/Air       #.......     100%        3    ####...


Dungeon Overview and Level Annotations

Branches:
Dungeon (3/15)

Altars:
Fedhas
Xom


Message History

The ogre is severely wounded.
The ogre closely misses you. The gnoll hits you. The gnoll closely misses you.
The gnoll hits you from afar with a spear.
* * * LOW HITPOINT WARNING * * *
The gnoll hits you but does no damage. x2
The gnoll hits you with a flail.
* * * LOW HITPOINT WARNING * * *
The gnoll barely misses you. The gnoll misses you.
Unknown command.
You aren't carrying any potions.
Unknown command.
Unknown command.
Read which item? (? for menu, Esc to quit)
Okay, then.
Unknown command.
Unknown command.
You closely miss the gnoll.
The ogre hits you with a giant spiked club!
You die...
Xom roars with laughter!

#.)....... #...
#################.###############
...............)..........)......
≈≈≈≈≈≈≈≈≈≈≈≈≈≈†≈....≈≈≈≈≈≈≈≈≈≈≈≈≈
≈≈≈≈≈≈≈≈≈≈≈≈≈≈≈≈....≈≈≈≈≈≈≈≈≈≈≈≈≈
####≈≈≈≈≈≈≈≈≈≈≈≈....≈≈≈≈≈≈≈≈≈≈≈≈#
.g.#............................#
...#############gg''#############
##'#


#@ggg# # .#.# '.....ggOgg'... # .# #######ggg.#### .# ##gg## .# ggg .# .... .#
..... .# ...... .#.# # You could see an ogre (berserk), a gnoll shaman and 16
gnolls.

Vanquished Creatures
  A giant frog zombie (D:3)
  A gnoll shaman (D:3)
  Robin (D:3)
  4 gnolls (D:3)
  2 adders (D:3)
  An ooze (D:1)
  A giant gecko (D:1)
  2 orcs (D:3)
  6 bats
  3 giant cockroaches
  17 goblins
  6 hobgoblins
  14 jackals (D:3)
  3 quokkas
  A ball python (D:1)
  5 giant newts
  10 kobolds
  A rat (D:1)
79 creatures vanquished.

Notes
Turn   | Place    | Note
--------------------------------------------------------------
     0 | D:1      | Kidiri the Human Chaos Knight began the quest for the Orb.
     0 | D:1      | Reached XP level 1. HP: 18/18 MP: 1/1
    32 | D:1      | Reached XP level 2. HP: 16/24 MP: 2/2
   148 | D:1      | XOM: divination: detect items
   214 | D:1      | Reached XP level 3. HP: 25/29 MP: 3/3
   254 | D:1      | XOM: divination: detect items
   526 | D:1      | XOM: divination: detect creatures
  1114 | D:2      | XOM: silly message
  1452 | D:2      | You fall through a shaft!
  1461 | D:3      | Reached XP level 4. HP: 27/35 MP: 4/4
  1468 | D:3      | Noticed Robin
  1489 | D:3      | Killed Robin
  1489 | D:3      | Reached XP level 5. HP: 10/41 MP: 5/5
  1521 | D:3      | XOM: scenery: create altars
  1548 | D:3      | XOM: enchant monster (good)
  1554 | D:3      | XOM: harmless Tloc miscast
  1564 | D:3      | Learned a level 3 spell: Static Discharge
  1565 | D:3      | Found a faded altar to an unknown god.
  1684 | D:3      | XOM: confuse monster(s)
  1694 | D:3      | XOM: divination: magic mapping
  1785 | D:3      | Found a blossoming altar of Fedhas.
  1836 | D:3      | XOM: butterfly on damage
  1860 | D:3      | XOM: cast spell 'Ice Form'
  2008 | D:3      | XOM: potion effect (berserk rage)
  2292 | D:3      | XOM: potion effect (agility)
  2294 | D:3      | Noticed an ogre
  2295 | D:3      | Reached skill level 4 in Short Blades
  2295 | D:3      | Reached XP level 6. HP: 41/47 MP: 7/7
  2299 | D:3      | Reached skill level 1 in Spellcasting
  2306 | D:3      | Slain by an ogre

Vault maps used:
D:1:      lightli_arrival_boilingwater, moated_statue
D:3:      lemuel_castle_with_subvaults, lemuel_blue_sif_altar,
          ecumenical_altar_2, lemuel_statue_altar, uniq_robin

Action                   |  1- 3 |  4- 6 || total
-------------------------+-------+-------++-------
Melee: Short sword       |   117 |   141 ||   258
       Unarmed           |       |     3 ||     3
  Use: Scroll            |     5 |     3 ||     8
       Potion            |     2 |     2 ||     4
 Stab: Sleeping          |     2 |       ||     2
       Petrifying        |     2 |     1 ||     3
       Paralysed         |     1 |     2 ||     3
       Confused          |       |     1 ||     1
  Eat: Bread ration      |     1 |       ||     1
       Chunk             |       |     1 ||     1
